 Seeded DCSS version 0.29-a0-416-g83a48905f1 (webtiles) character file.

Game seed: 20 (custom seed)

32 Psyclone the Chiller (level 3, -6/21 HPs)
             Began as an Octopode Ice Elementalist on May 16, 2022.
             Mangled by a gnoll
             ... wielding a +0 halberd
              (13 damage)
             ... on level 2 of the Dungeon.
             The game lasted 00:02:11 (1159 turns).

Psyclone the Chiller (Octopode Ice Elementalist)    Turns: 1159, Time: 00:02:11

Health: -6/21      AC:  1    Str:  7    XL:     3   Next: 27%
Magic:  3/6        EV: 13    Int: 19    God:
Gold:   49         SH:  0    Dex: 12    Spells: 2/6 levels left

rFire   . . .      SeeInvis .   e - +2 dagger (vamp)
rCold   . . .      Faith    .   (no shield)
rNeg    . . .      Spirit   .   (helmet restricted)
rPois   .          Reflect  .   (no amulet)
rElec   .          Harm     .   (no ring)
rCorr   .          Rampage  .   (no ring)
Will    .....                   (no ring)
Stlth   +++.......              (no ring)
HPRegen 0.07/turn               (no ring)
MPRegen 0.10/turn               (no ring)
                                (no ring)
                                (no ring)

@: freezing walls
A: almost no armour, amphibious, 8 rings, camouflage 1, gelatinous body 1,
(nimble swimmer 1), tentacles
a: no special abilities


You were on level 2 of the Dungeon.
You visited 1 branch of the dungeon, and saw 2 of its levels.

You collected 49 gold pieces.

Inventory:

Hand Weapons
 e - a +2 vampiric dagger (weapon)
Scrolls
 b - a scroll of amnesia
 c - 2 scrolls of teleportation
 g - 2 scrolls of identify {@r1}
 i - a scroll of blinking
Potions
 a - 2 potions of magic
 d - a potion of curing {unknown}


   Skills:
 + Level 2.4 Dodging
 + Level 3.4 Stealth
 + Level 2.3 Spellcasting
 + Level 4.3 Ice Magic


You had 2 spell levels left.
You knew the following spells:

 Your Spells              Type           Power      Damage    Failure   Level
a - Freeze                Ice            72%        1d9       2%          1
b - Frozen Ramparts       Ice            36%        1d5       9%          3

Your spell library contained the following spells:

 Spells                   Type           Power      Damage    Failure   Level
 Ozocubu's Armour         Ice            18%        N/A       9%          3
 Hailstorm                Conj/Ice       10%        3d5       56%         4


Dungeon Overview and Level Annotations

Branches:
Dungeon (2/15)

Altars:


Innate Abilities, Weirdness & Mutations

You cannot wear most types of armour.
You are amphibious.
You can wear up to eight rings at the same time.
Your skin changes colour to match your surroundings (Stealth+).
Your rubbery body absorbs attacks. (AC +1, EV +1)
((You are camouflaged when in or above water. (Stealth+)))
You have tentacles for arms and can constrict up to eight enemies at once.


Message History

An endoplasm comes into view.
The endoplasm quivers.
The endoplasm freezes you.
You are frozen.
You take 3 damage, and have 18/21 hp.
You hit the endoplasm.
You feel better.
You squeeze the endoplasm.
You kill the endoplasm!
Health restored: 21
There is a stone staircase leading down here.
Found a ring mail.
A worm comes into view.
You see here a +0 ring mail.
The helpless worm fails to defend itself.
You puncture the worm! You grab the worm. You squeeze the worm!
You kill the worm!
A kobold comes into view. It is wielding a +0 dagger.
The kobold shouts!
You closely miss the kobold. You grab the kobold. You squeeze the kobold.
You kill the kobold!
Things that are here:
a +0 dagger; a kobold corpse 4 gnolls come into view.
A gnoll is wielding a +0 spear of pain.
The gnoll shouts! x2
A ball python comes into view.
The gnoll shouts!
Casting: Freeze (safe; 2% risk of failure)
Confirm with . or Enter, or press ? or * to list all spells.
The spell is quite dangerous to miscast (9% risk of failure)!
Continue anyway?
Casting: Frozen Ramparts (quite dangerous; 9% risk of failure)
Press: ? - help, Dir - look around, f - activate The walls around you are covered in ice.
The wall freezes the gnoll.
The gnoll hits you from afar with a +0 halberd!
Ouch! That really hurt!
The wall freezes the gnoll.
You take 14 damage, and have 7/21 hp.
MASSIVE DAMAGE!!
You now have 3/6 mp.
The wall freezes the gnoll.
The gnoll hits you from afar with a +0 halberd!
Ouch! That really hurt!
You die...

#......# #..#
#......# #... #
##.....# ##..# ###. <
##.#.#.# #...# ... .#
#.#.##.. #..###.##.#
#.#.# ####........#
#.#)######......##.##
#...........$.....#
############@#.##..
#.# #g# #g# #g# #g#
... ###


You could see 4 gnolls.

Vanquished Creatures
  A worm (D:2)
  A ball python (D:1)
  2 bats (D:1)
  4 endoplasms
  2 goblins
  7 hobgoblins (D:1)
  4 kobolds
  2 quokkas (D:1)
  2 frilled lizards (D:1)
25 creatures vanquished.

Notes
Turn   | Place    | Note
-------+----------+-------------------------------------------
     0 | D:1      | Psyclone the Octopode Ice Elementalist began the quest for
                  | the Orb.
     0 | D:1      | Reached XP level 1. HP: 11/11 MP: 3/3
   328 | D:1      | Reached XP level 2. HP: 17/17 MP: 3/5
   672 | D:1      | Reached XP level 3. HP: 17/21 MP: 4/6
   676 | D:1      | Learned a level 3 spell: Frozen Ramparts
  1159 | D:2      | Mangled by a gnoll

Illustrated notes

Levels and vault maps discovered:
D:1:      minmay_arrival_shattered_statue, layout_rooms
D:2:      layout_loops_ring, basic_altar, hellmonk_ecumenical_altar_blasted,
          kennysheep_crisscross, uniq_natasha

Skill      XL: |  1 |
---------------+----+-----
Stealth        | 3 |  3.4
Dodging        | |  2.4
Spellcasting   | |  2.3
Ice Magic      | |  4.3

Action                   || total
-------------------------++-------
Melee: Unarmed           ||     4
       Dagger            ||    22
       Tentacles         ||     7
       Constrict         ||     3
 Cast: Freeze            ||    17
       Frozen Ramparts   ||     1
  Use: Scroll            ||     4
       Potion            ||     3
 Stab: Sleeping          ||     3
Armor: Skin              ||     2
Dodge: Dodged            ||    15

Table legend: (Time is in decaauts)
 A = Elapsed time spent in this place.
 B = Non-inter-level travel time spent in this place.
 C = Inter-level travel time spent in this place.
 D = Time resting spent in this place.
 E = Time spent auto-exploring this place.
 F = Levels seen in this place.
 G = Mean time per level.
                   A        B        C        D        E       F      G
               +--------+--------+--------+--------+--------+-----+--------+
         Total |   1143 |   1129 |     14 |    176 |    741 |   2 |  571.5 |
       Dungeon |   1143 |   1129 |     14 |    176 |    741 |   2 |  571.5 |
               +--------+--------+--------+--------+--------+-----+--------+

Top non-repeatable levels by time:
     D:1: 1013 daAuts
     D:2: 129 daAuts
